Map: Interloper LE

Players

Yata - Winner!

  • Race: Zerg Zerg
  • League: Gold
  • Spawn Location: 5:00

fortisvir

  • Race: Terran Terran
  • Spawn Location: 11:00

VOD

Have the link to the VOD?

Description

Time

  • Played on: Sept. 3, 2017, 12:11 a.m.
  • Length: 14:52
Show
View Real Time Build Order
Export as new Build Order

Yata Zerg - Winner!

Build Orders: Hatch First 

Get SALT Encoding   

  12  0:02  Drone  
  13  0:13  Overlord  
  13  0:17  Drone  
  14  0:31  Drone x2  
  14  0:35  Drone  
  17  0:56  Hatchery  
  16  0:57  Drone  
  16  1:02  Drone  
  18  1:11  Extractor  
  17  1:15  Spawning Pool  
  16  1:19  Drone  
  16  1:22  Drone  
  18  1:28  Drone  
  19  1:40  Overlord  
  19  1:50  Drone  
  20  2:00  Drone  
  21  2:03  Queen  
  21  2:08  Queen  
  25  2:12  Zergling x4  
  25  2:13  Metabolic Boost  
  27  2:18  Drone  
  28  2:24  Overlord  
  28  2:34  Drone x2  
  30  2:40  Drone  
  31  2:48  Drone  
  32  2:52  Drone  
  32  2:55  Overlord  
  33  3:09  Drone x2  
  35  3:15  Drone  
  35  3:16  Drone x3  
  35  3:19  Drone x3  
  42  3:25  Extractor  
  41  3:27  Baneling Nest  
  41  3:28  Lair  
  41  3:29  Roach Warren  
  39  3:45  Queen  
  41  4:10  Hatchery  
  41  4:13  Roach  
  41  4:14  Roach x4  
  41  4:16  Zergling x2  
  51  4:17  Zergling x2  
  51  4:19  Overlord x3  
  51  4:21  Pneumatized Carapace  
  52  4:26  Evolution Chamber  
  52  4:30  Evolution Chamber  
  50  4:35  Extractor  
  49  4:40  Roach  
  49  4:41  Roach x3  
  57  4:53  Glial Reconstitution  
  57  4:58  Extractor  
  53  5:04  Roach  
  53  5:05  Roach x2  
  58  5:21  Drone  
  58  5:22  Drone x4  
  58  5:23  Drone  
  58  5:24  Drone x2  
  66  5:28  Overlord x2  
  66  5:36  Zerg Missile Weapons Level 1  
  66  5:39  Zerg Ground Armor Level 1  
  66  5:44  Overlord  
  66  5:49  Roach  
  68  5:57  Extractor  
  67  5:59  Roach, Extractor  
  67  6:00  Roach x2  
  64  6:11  Roach  
  64  6:12  Roach x3  
  58  6:31  Roach x6  
  64  6:47  Drone x2  
  64  6:48  Drone x6  
  64  6:52  Roach  
  72  7:04  Tunneling Claws  
  72  7:08  Drone x3  
  75  7:10  Drone  
  76  7:20  Drone x4  
  80  7:26  Roach  
  82  7:45  Spore Crawler  
  81  7:54  Overlord x3  
  81  7:55  Overlord x2  
  81  8:02  Drone  
  82  8:12  Queen  
  84  8:14  Hydralisk Den  
  84  8:19  Infestation Pit  
  82  8:21  Zerg Missile Weapons Level 2, Zerg Ground Armor Level 2  
  82  8:24  Roach x4  
  90  8:36  Roach  
  90  8:37  Roach x4  
  98  8:49  Hydralisk  
  98  8:50  Hydralisk x3  
  106  8:59  Muscular Augments  
  106  9:00  Drone x3  
  106  9:02  Drone  
  110  9:11  Roach, Hydralisk x2  
  110  9:15  Drone x2  
  118  9:30  Roach  
  122  9:31  Roach  
  122  9:33  Overlord x4  
  122  9:55  Hive  
  122  9:58  Burrow  
  122  10:02  Hatchery  
  121  10:10  Hydralisk x8  
  137  10:15  Lurker Den  
  137  10:20  Hydralisk  
  139  10:21  Hydralisk x2  
  143  10:38  Drone x4  
  143  10:42  Zerg Melee Weapons Level 1  
  147  10:53  Overseer x2  
  147  11:10  Overlord  
  147  11:11  Overlord x6  
  147  11:12  Overlord x4  
  147  11:18  Zerg Missile Weapons Level 3  
  147  11:22  Drone  
  147  11:23  Drone x10  
  158  11:29  Roach  
  158  11:30  Roach x3  
  168  11:33  Roach  
  168  11:46  Viper x2  
  168  11:47  Viper x3  
  181  11:56  Queen  
  183  12:03  Roach  
  183  12:04  Roach x7  
  199  12:20  Lair  
  199  12:22  Lair  
  199  12:40  Lurker  
  200  13:16  Hydralisk x2  
  200  13:17  Hydralisk  
  160  13:32  Hydralisk x3  
  160  13:33  Hydralisk x19  
  140  13:51  Hydralisk x2  
  140  13:52  Hydralisk x3  
  150  14:10  Extractor x2  
  150  14:12  Roach x9  
Show
View Real Time Build Order
Export as new Build Order

fortisvir Terran 

Build Orders: MMM Bio 

Get SALT Encoding   

  12  0:03  SCV  
  13  0:15  SCV  
  14  0:35  Supply Depot  
  14  0:42  SCV  
  15  0:47  Refinery  
  15  0:55  Refinery  
  16  0:57  Supply Depot, SCV  
  16  1:10  Barracks  
  16  1:20  Barracks  
  16  1:27  Supply Depot  
  16  1:30  SCV  
  17  1:42  SCV  
  18  1:55  SCV  
  18  1:59  Barracks Tech Lab  
  19  2:04  Barracks  
  19  2:13  Orbital Command  
  19  2:24  Barracks Reactor  
  19  2:28  Combat Shields  
  19  2:37  Marine  
  20  2:55  Marine  
  21  3:01  Barracks Reactor  
  21  3:05  Marine  
  22  3:06  Marine  
  22  3:12  Marine  
  24  3:23  Marine  
  24  3:24  Marine  
  24  3:25  Factory  
  26  3:30  Marine  
  26  3:42  Marine x4  
  26  3:48  Marine, Stimpack  
  31  3:58  Engineering Bay  
  31  4:00  Marine  
  32  4:03  Marine x2  
  32  4:04  Marine  
  32  4:06  Marauder  
  37  4:10  Factory Tech Lab  
  37  4:20  Starport  
  37  4:28  Marauder  
  39  4:37  Missile Turret  
  39  4:45  Supply Depot  
  39  5:06  Viking, SCV, Marine  
  43  5:08  Supply Depot  
  43  5:09  Supply Depot  
  43  5:30  Siege Tank  
  46  5:37  Supply Depot  
  46  5:51  Marine x3, Marauder  
  46  5:54  Marine  
  52  6:01  Starport Reactor  
  52  6:02  Siege Tank  
  34  6:45  Marine  
  34  6:46  Marine x4  
  33  6:57  Medivac  
  35  7:03  Marine x2  
  35  7:04  Marine x3  
  40  7:12  Siege Tank  
  43  7:21  Marine x3  
  46  8:07  Siege Tank  
  46  8:09  Marine x5  
  54  8:19  Medivac x2  
  57  8:49  Medivac x2  
  61  9:06  Command Center  
  61  9:15  Siege Tank  
  64  9:19  Missile Turret  
  64  9:22  Marine  
  64  9:23  Marine  
  66  9:38  Marine  
  66  9:39  Marine x2  
  66  9:40  Missile Turret  
  69  10:12  Missile Turret  
  69  10:18  Siege Tank  
  72  10:21  Medivac x2  
  72  10:25  Orbital Command  
  74  10:46  Marine x2  
  76  10:50  Siege Tank  
  79  11:07  SCV  
  80  11:13  Refinery  
  80  11:19  SCV  
  80  11:22  Siege Tank  
  80  11:23  Supply Depot  
  84  11:30  Terran Infantry Weapons Level 1  
  84  11:42  SCV  
  85  12:02  Marine x4  
  85  12:03  Marine  
  90  12:10  Siege Tank  
  93  12:42  Siege Tank  
  93  12:43  Supply Depot  
  96  12:57  Viking  
  98  13:14  Siege Tank  
  54  13:42  Marine x3  
  54  13:43  Marine  
  56  13:57  Marine  
  56  14:00  Marine x2  
  56  14:01  Marine  
  59  14:15  Marine  
  60  14:18  Marine x3  
Tags
 
Composition
MMM Bio
League
Gold
Matchup
TvZ
Replay Pack
Pack 1
Spawn Locations
Cross Positions
Add a new tag
Caveats
  • Supply blocks, unpowered buildings, or Contaminate may cause inaccurate times.
  • Supply counts are checked every 10 seconds.